 Dungeon Crawl Stone Soup version 0.25.1-2-g60ff931df9 (webtiles) character file.

Game seed: 4231873713221464339

68 Delamore the Cudgeler (level 4, -3/28 HPs)
             Began as a Gargoyle Fighter on Aug 12, 2020.
             Slain by Sigmund
             ... wielding a +0 scythe
              (5 damage)
             ... on level 2 of the Dungeon.
             The game lasted 00:01:20 (1571 turns).

Delamore the Cudgeler (Gargoyle Fighter)            Turns: 1571, Time: 00:01:20

Health: -3/28      AC: 10    Str: 20    XL:     4   Next: 19%
Magic:  4/4        EV:  7    Int:  9    God:
Gold:   89         SH:  0    Dex:  9    Spells: 3/3 levels left

rFire    . . .     SeeInvis .   a - +0 flail
rCold    . . .     Gourm    .   c - +0 kite shield
rNeg     + . .     Faith    .   b - +0 scale mail
rPois    ∞         Spirit   .   (no helmet)
rElec    +         Reflect  .   (no cloak)
rCorr    .         Harm     .   (no gloves)
MR       .....                  (no boots)
Stlth    ..........             (no amulet)
HPRegen  0.09/turn              (no ring)
MPRegen  0.09/turn              (no ring)

@: confused, flying
A: negative energy resistance 1, electricity resistance, unbreathing,
petrification resistance, rot immunity, AC +3
a: no special abilities


You were on level 2 of the Dungeon.
You were hungry.

You visited 1 branch of the dungeon, and saw 2 of its levels.

You collected 89 gold pieces.

Inventory:

Hand Weapons
 a - a +0 flail (weapon)
Missiles
 o - 3 javelins (quivered)
Armour
 b - a +0 scale mail (worn)
 c - a +0 kite shield (worn)
Jewellery
 k - an uncursed ring of positive energy {unknown}
 p - an uncursed ring of protection from magic {unknown}
Scrolls
 h - a scroll of teleportation {unknown}
 i - a scroll of random uselessness {unknown}
 j - a scroll of enchant weapon {unknown}
 l - 4 scrolls of remove curse {unknown}
 m - 4 scrolls of identify {unknown}
Potions
 d - a potion of might
 e - a potion of degeneration {unknown}
 g - 2 potions of flight
 n - a potion of resistance {unknown}
Comestibles
 f - a ration


   Skills:
 - Level 3.2 Fighting
 + Level 4.3 Maces & Flails
 - Level 3.2 Armour
 - Level 3.2 Shields


You had 3 spell levels left.
You didn't know any spells.
Your spell library was empty.

Dungeon Overview and Level Annotations

Branches:
Dungeon (2/15)

Altars:
Ashenzari
Hepliaklqana
Makhleb
Qazlal

Annotations:
D:2 Sigmund


Innate Abilities, Weirdness & Mutations

You are resistant to torment.
Your stone body is resilient. (AC +3)
You are immune to poison.
You resist negative energy. (rN+)
You are resistant to electric shocks. (rElec)
You can survive without breathing.
You are immune to petrification.
You are immune to rotting.


Message History

Sigmund is severely wounded.
Sigmund completely misses you.
You barely miss Sigmund.
Sigmund is severely wounded.
Sigmund mumbles some strange words.
Sigmund flickers and vanishes!
Deactivating autopickup; reactivate with Ctrl-A.
You miss something. You miss something.
You hear some strange, mumbled words.
You are confused.
Something hits you!
* * * LOW HITPOINT WARNING * * *
You're too confused to move!
Something hits you.
* * * LOW HITPOINT WARNING * * *
It was a potion of flight.
You feel very buoyant.
You fly up into the air.
Something hits you.
You die...

#.....# #####.#
###'###########
#.............#
####.(...........#
.).....(.........#
####.............#
#.)...........#############
#............@'...........#
##
#............{##########.##
.# #.............# #.#
.####..#######+### #.#
............# #.#
............# #.#
............# #.#
............# #.#
............# #.#


There were no monsters in sight!

Vanquished Creatures
  A gnoll (D:1)
  An adder (D:2)
  A worm (D:2)
  2 dart slugs (D:1)
  2 leopard geckos (D:2)
  4 bats
  A giant cockroach (D:1)
  5 hobgoblins (D:1)
  9 kobolds
  3 frilled lizards (D:1)
  7 goblins
  3 rats (D:1)
39 creatures vanquished.

Notes
Turn   | Place    | Note
-------+----------+-------------------------------------------
     0 | D:1      | Delamore the Gargoyle Fighter began the quest for the Orb.
     0 | D:1      | Reached XP level 1. HP: 14/14 MP: 1/1
    54 | D:1      | Reached XP level 2. HP: 19/19 MP: 2/2
    59 | D:1      | Reached skill level 3 in Maces & Flails
   213 | D:1      | Reached XP level 3. HP: 23/23 MP: 3/3
   913 | D:2      | Reached skill level 4 in Maces & Flails
   949 | D:2      | Reached XP level 4. HP: 20/28 MP: 4/4
  1113 | D:2      | Found a burning altar of Makhleb.
  1115 | D:2      | Found a hazy altar of Hepliaklqana.
  1210 | D:2      | Found a shattered altar of Ashenzari.
  1280 | D:2      | Found a stormy altar of Qazlal.
  1557 | D:2      | Noticed Sigmund
  1571 | D:2      | Slain by Sigmund

Illustrated notes

Levels and vault maps discovered:
D:1:      nzn_arrival_settlement, layout_loops_ring
D:2:      layout_basic, nicolae_overflow_hidden_temple, minmay_misc_feat_rows,
          uniq_sigmund

Skill      XL: |  1  2  3 |
---------------+----------+-----
Maces & Flails | 3 4 |  4.3
Fighting       | |  3.2
Armour         | |  3.2
Shields        | |  3.2

Action                   |  1- 3 |  4- 6 || total
-------------------------+-------+-------++-------
Melee: Flail             |   154 |    34 ||   188
  Use: Potion            |       |     1 ||     1
  Eat: Chunk             |       |     2 ||     2
Armor: Scale mail        |    76 |    13 ||    89
Dodge: Dodged            |    41 |     7 ||    48
Block: Kite shield       |    88 |    12 ||   100
